 Dungeon Crawl Stone Soup version 0.19-a0-722-g27ac516 (webtiles) character file.

545 SirSavien the Magician (level 7, 0/36 HPs)
             Began as a Deep Elf Ice Elementalist on June 21, 2016.
             Succumbed to a scorpion's poison
             ... on level 4 of the Dungeon.
             The game lasted 00:17:19 (4826 turns).

SirSavien the Magician (Deep Elf Ice Elementalist)  Turns: 4826, Time: 00:17:19

Health: 0/36       AC: 11    Str:  7    XL:     7   Next: 6%
Magic:  5/17       EV: 15    Int: 20    God:
Gold:   199        SH:  0    Dex: 15    Spells: 3 memorised, 9 levels left

rFire  . . .     SeeInvis .     a - +0 short sword
rCold  . . .     Gourm    .     h - +0 robe
rNeg   . . .     Faith    .     (no shield)
rPois  .         Spirit   .     o - +0 helmet
rElec  .         Dismiss  .     m - +0 cloak
rCorr  .         Reflect  .     d - +0 pair of gloves
SustAt .         Harm     .     (no boots)
MR     .....                    (no amulet)
Stlth  +++.......               (no ring)
                                p - ring of flight

@: lethally poisoned (0 -> -4), icy armour, flying, slow, not resistant to
hostile enchantments, fairly stealthy
A: no striking features
a: no special abilities


You were on level 4 of the Dungeon.
You were hungry.

You visited 1 branch of the dungeon, and saw 4 of its levels.

You collected 199 gold pieces.

Inventory:

Hand Weapons
 a - a +0 short sword (weapon)
Armour
 d - a +0 pair of gloves (worn)
 h - a +0 robe (worn)
 m - a +0 cloak (worn)
 o - a +0 helmet (worn)
Jewellery
 p - a ring of flight (left hand)
Wands
 s - a wand of acid (11/15)
Scrolls
 l - a scroll of remove curse
 q - a scroll of fear {unknown}
Potions
 e - 2 potions of curing {unknown}
 f - 2 potions of might {unknown}
 g - 2 potions of flight
 i - 2 potions of heal wounds {unknown}
 j - a potion of lignification {unknown}
 r - a potion of brilliance {unknown}
Books
 b - a book of Frost

   Spells                             Type                      Level
   a - Freeze                         Ice                          1
   b - Throw Frost                    Conjuration/Ice              2
   c - Ozocubu's Armour               Charms/Ice                   3
   d - Throw Icicle                   Conjuration/Ice              4
   e - Summon Ice Beast               Ice/Summoning                4
Comestibles
 c - 3 bread rations
 k - a meat ration
 n - a beef jerky


   Skills:
 + Level 4.7 Dodging
 - Level 4.5 Stealth
 + Level 5.6 Spellcasting
 + Level 2.3 Conjurations
 + Level 1.9 Charms
 + Level 5.3 Ice Magic


You had 9 spell levels left.
You knew the following spells:

 Your Spells              Type           Power        Failure   Level  Hunger
a - Freeze                Ice            ####         1%          1    None
b - Ozocubu's Armour      Chrm/Ice       ###.....     10%         3    ##.....
c - Throw Icicle          Conj/Ice       ###.....     24%         4    ####...


Dungeon Overview and Level Annotations

Branches:
Dungeon (4/15)
 Temple: D:4-7

Altars:
Ru

Shops:
D:4 :


Message History

The centaur skeleton hits you but does no damage.
You hit the centaur skeleton. The centaur skeleton barely misses you.
The centaur skeleton hits you.
You hit the centaur skeleton but do no damage.
You feel sick. The centaur skeleton barely misses you.
You hit the centaur skeleton.
You feel sick. The centaur skeleton barely misses you.
You hit the centaur skeleton. The centaur skeleton hits you.
* * * LOW HITPOINT WARNING * * *
The centaur skeleton misses you.
You hit the centaur skeleton.
You feel sick.
The centaur skeleton hits you but does no damage.
You hit the centaur skeleton.
The centaur skeleton hits you but does no damage.
The centaur skeleton hits you.
* * * LOW HITPOINT WARNING * * *
It was a potion of flight.
You feel very buoyant.
You fly up into the air.
You die...

########........
........................
...............>........
#...>..................
##.....................
##....................
#...................#
................Z†..#
................@..#...
........................
........................
.................#####..
.........∩......## #
...............##
..............##
...............### #.
.........#.......###..


You could see a centaur skeleton.

Vanquished Creatures
  Sigmund (D:3)
  A scorpion (D:4)
  An orc priest (D:2)
  3 worker ants (D:4)
  Ijyb (D:3)
  An orc wizard (D:3)
  3 gnolls
  A howler monkey skeleton (D:4)
  2 adders
  2 oozes (D:1)
  7 worms
  3 dart slugs
  3 giant geckos
  9 orcs
  3 ball pythons
  10 bats
  6 giant cockroaches
  8 hobgoblins
  4 jackals (D:1)
  9 kobolds
  5 giant newts
  5 goblins
  A quokka skeleton (D:4)
  5 rats
94 creatures vanquished.

Notes
Turn   | Place    | Note
--------------------------------------------------------------
     0 | D:1      | SirSavien the Deep Elf Ice Elementalist began the quest for the Orb.
     0 | D:1      | Reached XP level 1. HP: 10/10 MP: 6/6
   244 | D:1      | Reached XP level 2. HP: 15/15 MP: 6/8
   592 | D:1      | Reached XP level 3. HP: 19/19 MP: 10/10
  1245 | D:2      | Reached XP level 4. HP: 5/24 MP: 1/12
  2103 | D:2      | Learned a level 3 spell: Ozocubu's Armour
  2108 | D:2      | Learned a level 4 spell: Throw Icicle
  2241 | D:3      | Found a faded altar of an unknown god.
  2510 | D:3      | Noticed Sigmund
  2522 | D:3      | Killed Sigmund
  2522 | D:3      | Reached skill level 5 in Spellcasting
  2522 | D:3      | Reached XP level 5. HP: 28/28 MP: 8/14
  2522 | D:3      | Reached XP level 6. HP: 32/32 MP: 8/15
  2996 | D:3      | Noticed Ijyb
  3003 | D:3      | Killed Ijyb
  3020 | D:3      | Found a sacrificial altar of Ru.
  3026 | D:3      | Reached skill level 1 in Charms
  3387 | D:3      | Reached skill level 5 in Ice Magic
  4758 | D:4      | Found Nuot's Book Boutique.
  4815 | D:4      | Reached XP level 7. HP: 31/36 MP: 4/17
  4825 | D:4      | HP: 1/36 [centaur skeleton (5)]
  4826 | D:4      | Succumbed to a scorpion's poison

Vault maps used:
D:1:      minmay_arrival_four_circles
D:3:      old_standard_altar, ecumenical_altar_2, hangedman_decor_push,
          uniq_sigmund, uniq_iyjb
D:4:      lemuel_coloured_pillars_altar, serial_shops, shop

Skill      XL: |  1  2  3  4  5  6 |
---------------+-------------------+-----
Stealth        | 3 4 |  4.5
Ice Magic      | 4 5 |  5.3
Spellcasting   | 4 5 |  5.6
Dodging        | 4 |  4.7
Charms         | 1 |  1.9
Conjurations   | 2 |  2.3

Action                   |  1- 3 |  4- 6 |  7- 9 || total
-------------------------+-------+-------+-------++-------
Melee: Short sword       |     7 |    22 |     9 ||    38
       Dagger            |     5 |    58 |       ||    63
 Cast: Freeze            |    58 |   109 |     1 ||   168
       Throw Icicle      |       |     5 |     1 ||     6
       Ozocubu's Armour  |       |     2 |       ||     2
  Use: Scroll            |     3 |     2 |       ||     5
       Potion            |       |       |     1 ||     1
 Stab: Sleeping          |     5 |     9 |       ||    14
       Distracted        |       |     1 |       ||     1
  Eat: Chunk             |     1 |     8 |       ||     9
       Beef jerky        |       |     2 |       ||     2
Armor: Robe              |    20 |    38 |     5 ||    63
Dodge: Dodged            |    40 |   122 |     6 ||   168
